human wawe tactics 101

Match 28726919
End
Kettenkrad Recon Vehicle
Construct Infanterie Kompanie
Grenadier Squad
MG 42 Machine Gun Team
Grenadier Squad
Construct Panzergrenadier Kompanie
251 Medium Carrier
251 Medium Carrier
Selects Mechanized Battlegroup
Selects Mobile Repair Stations
Panzergrenadier Squad
Pak 40 Anti-tank Gun Team
Pak 40 Anti-tank Gun Team
Construct Panzer Kompanie
Selects Wespe Self-propelled Artillery
Sturmpanzer IV Brummbär
Panzergrenadier Squad
Selects Mechanized Assault
Panzergrenadier Squad
Sturmpanzer IV Brummbär
Damineral
CoNnEcT FoUr!!!
ECO ZULU Starsilver
ikire
Thomas
oziligath
Orangepest
Rei
0
0

Comments sign in to comment!

No comments posted yet!